SAAA
SUNSET DISTRICT FOG @ NAPERVILLE BATTLEKINGS
09/03/2028
 
TOP OF THE 1ST
Sunset District Fog batting - Pitching for Naperville Battlekings : RHP Raúl Areola
Pitching: RHP Raúl Areola
Batting: RHB Yehonatan Chazan 0-0: Ball
1-0: Ball
2-0: Ball
3-0: Called Strike
3-1: Fly out, F8 (Line Drive, 8LD)
Batting: LHB Armando Carmona 0-0: Foul Ball, location: 2F
0-1: Swinging Strike
0-2: Ball
1-2: Fly out, F8 (Flyball, 8LM)
Batting: LHB David Holbrook 0-0: Called Strike
0-1: Called Strike
0-2: Strikes out swinging
Top of the 1st over - 0 run(s), 0 hit(s), 0 error(s), 0 left on base; Sunset District 0 - Naperville 0
BOTTOM OF THE 1ST
Naperville Battlekings batting - Pitching for Sunset District Fog : RHP Dave Morse
Pitching: RHP Dave Morse
Batting: RHB Zeus Preckwinkle 0-0: Ball
1-0: Called Strike
1-1: Ball
2-1: Swinging Strike
2-2: Foul Ball, location: 2F
2-2: Ball
3-2: Base on Balls
Batting: LHB Curtis Peters 0-0: SINGLE (Groundball, 56D)
Zeus Preckwinkle to second
Batting: LHB Arthur Ryan 0-0: Fly out, F7 (Flyball, 7LMF)
Batting: RHB Ben Kennerly 0-0: Swinging Strike
0-1: Ball
Zeus Preckwinkle steals 3rd base
Curtis Peters to second
1-1: Called Strike
1-2: Strikes out swinging
Batting: LHB Naohiro Sakai 0-0: Ball
1-0: Ground out 4-3 (Groundball, 4)
Bottom of the 1st over - 0 run(s), 1 hit(s), 0 error(s), 2 left on base; Sunset District 0 - Naperville 0
TOP OF THE 2ND
Sunset District Fog batting - Pitching for Naperville Battlekings : RHP Raúl Areola
Batting: RHB Alfonso Nazario 0-0: DOUBLE (Line Drive, 8LD) - OUT at third base trying to stretch hit.
Batting: LHB Enrique Vásquez 0-0: Ball
1-0: Ball
2-0: Ball
3-0: Base on Balls
Batting: RHB José Vargas 0-0: Foul Ball, location: 2F
0-1: Foul Ball, location: 2F
0-2: Foul Ball, location: 2F
0-2: Ball
1-2: Strikes out swinging
Batting: RHB Armando Rodríguez 0-0: Called Strike
0-1: Ball
1-1: Foul Ball, location: 2F
1-2: Ball
2-2: Strikes out swinging
Top of the 2nd over - 0 run(s), 1 hit(s), 0 error(s), 1 left on base; Sunset District 0 - Naperville 0
BOTTOM OF THE 2ND
Naperville Battlekings batting - Pitching for Sunset District Fog : RHP Dave Morse
Batting: RHB António Guzmán 0-0: Ball
1-0: Foul Ball, location: 2F
1-1: Foul Ball, location: 2F
1-2: Fly out, F9 (Flyball, 9D)
Batting: LHB Sam Good 0-0: Called Strike
0-1: Ball
1-1: Ground out 6-3 (Groundball, 6M)
Batting: RHB Sergio Pérez 0-0: Fly out, F8 (Flyball, 8LM)
Bottom of the 2nd over - 0 run(s), 0 hit(s), 0 error(s), 0 left on base; Sunset District 0 - Naperville 0
TOP OF THE 3RD
Sunset District Fog batting - Pitching for Naperville Battlekings : RHP Raúl Areola
Batting: SHB Domingo Luna 0-0: Ball
1-0: Ball
2-0: Foul Ball, location: 2F
2-1: Foul Ball, location: 2F
2-2: Ball
3-2: Ground out 6-3 (Groundball, 56D)
Batting: RHB Vicente Rodríguez 0-0: Ground out 5-3 (Groundball, 56S)
Batting: RHB Yehonatan Chazan 0-0: Swinging Strike
0-1: Foul Ball, location: 2F
0-2: Foul Ball, location: 2F
0-2: Strikes out swinging
Top of the 3rd over - 0 run(s), 0 hit(s), 0 error(s), 0 left on base; Sunset District 0 - Naperville 0
BOTTOM OF THE 3RD
Naperville Battlekings batting - Pitching for Sunset District Fog : RHP Dave Morse
Batting: LHB Alexis Raimbault 0-0: Ball
1-0: Called Strike
1-1: Ball
2-1: Foul Ball, location: 2F
2-2: Strikes out swinging
Batting: RHB Zeus Preckwinkle 0-0: Foul Ball, location: 2F
0-1: Ground out 4-3 (Groundball, 4MS)
Batting: LHB Curtis Peters 0-0: Ball
1-0: Ball
2-0: Called Strike
2-1: Foul Ball, location: 2F
2-2: Ground out 5-3 (Groundball, 5)
Bottom of the 3rd over - 0 run(s), 0 hit(s), 0 error(s), 0 left on base; Sunset District 0 - Naperville 0
TOP OF THE 4TH
Sunset District Fog batting - Pitching for Naperville Battlekings : RHP Raúl Areola
Batting: LHB Armando Carmona 0-0: Called Strike
0-1: Ball
1-1: Ball
2-1: Foul Ball, location: 2F
2-2: Ball
3-2: Foul Ball, location: 2F
3-2: Foul Ball, location: 2F
3-2: Strikes out swinging
Batting: LHB David Holbrook 0-0: Swinging Strike
0-1: Foul Ball, location: 2F
0-2: Ball
1-2: Ball
2-2: Ball
3-2: Strikes out looking
Batting: RHB Alfonso Nazario 0-0: Fly out, F8 (Line Drive, 8LD)
Top of the 4th over - 0 run(s), 0 hit(s), 0 error(s), 0 left on base; Sunset District 0 - Naperville 0
BOTTOM OF THE 4TH
Naperville Battlekings batting - Pitching for Sunset District Fog : RHP Dave Morse
Batting: LHB Arthur Ryan 0-0: Ball
1-0: Ball
2-0: Called Strike
2-1: Foul Ball, location: 2F
2-2: Fly out, F7 (Line Drive, 7LD)
Batting: RHB Ben Kennerly 0-0: Ball
1-0: Ball
2-0: SINGLE (Line Drive, 89S)
Batting: LHB Naohiro Sakai 0-0: Called Strike
0-1: Ball
1-1: SINGLE (Groundball, 34D)
Ben Kennerly to second
Runner from 2nd tries for 3rd, SAFE, throw made to third
Batting: RHB António Guzmán 0-0: Called Strike
0-1: Ball
1-1: Called Strike
1-2: Foul Ball, location: 2F
1-2: Strikes out swinging
Batting: LHB Sam Good 0-0: Swinging Strike
0-1: Ground out 4-3 (Groundball, 4S)
Bottom of the 4th over - 0 run(s), 2 hit(s), 0 error(s), 2 left on base; Sunset District 0 - Naperville 0
TOP OF THE 5TH
Sunset District Fog batting - Pitching for Naperville Battlekings : RHP Raúl Areola
Batting: LHB Enrique Vásquez 0-0: Ball
1-0: Called Strike
1-1: Ball
2-1: Foul Ball, location: 2F
2-2: Foul Ball, location: 2F
2-2: Fly out, F4 (Line Drive, 4)
Batting: RHB José Vargas 0-0: Ball
1-0: Swinging Strike
1-1: Foul Ball, location: 2F
1-2: Ball
2-2: SINGLE (Line Drive, 56D)
Batting: RHB Armando Rodríguez 0-0: Ball
1-0: Grounds into double play, 6-4-3 (Groundball, 6)
Top of the 5th over - 0 run(s), 1 hit(s), 0 error(s), 0 left on base; Sunset District 0 - Naperville 0
BOTTOM OF THE 5TH
Naperville Battlekings batting - Pitching for Sunset District Fog : RHP Dave Morse
Batting: RHB Sergio Pérez 0-0: Fly out, F8 (Flyball, 8RM)
Batting: LHB Alexis Raimbault 0-0: Called Strike
0-1: Ball
1-1: Foul Ball, location: 2F
1-2: Ball
2-2: Strikes out swinging
Batting: RHB Zeus Preckwinkle 0-0: Ball
1-0: Called Strike
1-1: Ground out 5-3 (Groundball, 5D)
Bottom of the 5th over - 0 run(s), 0 hit(s), 0 error(s), 0 left on base; Sunset District 0 - Naperville 0
TOP OF THE 6TH
Sunset District Fog batting - Pitching for Naperville Battlekings : RHP Raúl Areola
Batting: SHB Domingo Luna 0-0: Ground out 3-1 (Groundball, 34)
Batting: RHB Vicente Rodríguez 0-0: Fly out, F5 (Popup, 5S)
Batting: RHB Yehonatan Chazan 0-0: Called Strike
0-1: Ball
1-1: Foul Ball, location: 2F
1-2: Fly out, F8 (Flyball, 89M)
Top of the 6th over - 0 run(s), 0 hit(s), 0 error(s), 0 left on base; Sunset District 0 - Naperville 0
BOTTOM OF THE 6TH
Naperville Battlekings batting - Pitching for Sunset District Fog : RHP Dave Morse
Batting: LHB Curtis Peters 0-0: Ball
1-0: Ball
2-0: Called Strike
2-1: Swinging Strike
2-2: Ball
3-2: SINGLE (Groundball, 23) (infield hit)
Batting: LHB Arthur Ryan 0-0: Ball
1-0: Called Strike
1-1: Ball
2-1: Fielders Choice at 2nd, 6-4 (Groundball, 6)
Batting: RHB Ben Kennerly 0-0: Called Strike
0-1: Fly out, F6 (Popup, 6D)
Batting: LHB Naohiro Sakai 0-0: Ball
Arthur Ryan steals 2nd base
1-0: Called Strike
1-1: Ground out U3 (Groundball, 3)
Bottom of the 6th over - 0 run(s), 1 hit(s), 0 error(s), 1 left on base; Sunset District 0 - Naperville 0
TOP OF THE 7TH
Sunset District Fog batting - Pitching for Naperville Battlekings : RHP Raúl Areola
Batting: LHB Armando Carmona 0-0: Called Strike
0-1: Called Strike
0-2: Ball
1-2: Ball
2-2: Ball
3-2: Foul Ball, location: 2F
3-2: Base on Balls
Batting: LHB David Holbrook 0-0: Called Strike
0-1: Ground out 4-3 (Groundball, 4S)
Armando Carmona to second
Pinch Hitting: SHB Albert Sánchez 0-0: Intentional Walk
Batting: LHB Enrique Vásquez 0-0: Ball
Albert Sánchez is caught stealing 2nd base
1-0: Foul Ball, location: 2F
1-1: Swinging Strike
1-2: Foul Ball, location: 2F
1-2: Foul Ball, location: 2F
1-2: Strikes out looking
Top of the 7th over - 0 run(s), 0 hit(s), 0 error(s), 1 left on base; Sunset District 0 - Naperville 0
BOTTOM OF THE 7TH
Naperville Battlekings batting - Pitching for Sunset District Fog : RHP Dave Morse
Now at 1B: Albert Sánchez
Batting: RHB António Guzmán 0-0: Ball
1-0: Foul Ball, location: 2F
1-1: Foul Ball, location: 2F
1-2: Foul Ball, location: 2F
1-2: Strikes out swinging
Batting: LHB Sam Good 0-0: Fly out, F7 (Flyball, 78M)
Batting: RHB Sergio Pérez 0-0: Foul Ball, location: 2F
0-1: Ball
1-1: Foul Ball, location: 2F
1-2: Ball
2-2: Fly out, F9 (Flyball, 9S)
Bottom of the 7th over - 0 run(s), 0 hit(s), 0 error(s), 0 left on base; Sunset District 0 - Naperville 0
TOP OF THE 8TH
Sunset District Fog batting - Pitching for Naperville Battlekings : RHP Raúl Areola
Batting: RHB José Vargas 0-0: Ball
1-0: Called Strike
1-1: Fly out, F4 (Popup, 34S)
Batting: RHB Armando Rodríguez 0-0: Ball
1-0: Fly out, F4 (Line Drive, 4)
Pinch Hitting: RHB Tetsunori Kimura 0-0: Ball
1-0: SINGLE (Groundball, 4M) (infield hit)
Pinch Hitting: RHB Chad Shafer 0-0: Ball
1-0: Called Strike
1-1: Swinging Strike
1-2: Ball
2-2: Strikes out swinging
Top of the 8th over - 0 run(s), 1 hit(s), 0 error(s), 1 left on base; Sunset District 0 - Naperville 0
BOTTOM OF THE 8TH
Naperville Battlekings batting - Pitching for Sunset District Fog : RHP Dave Morse
Now at 2B: Reginald Kalkman
Now at SS: Chad Shafer
Batting: LHB Alexis Raimbault 0-0: Called Strike
0-1: Ball
1-1: Called Strike
1-2: Ball
2-2: Ground out 6-3 (Groundball, 6)
Pitching: RHP Bryan McKinney
Batting: RHB Zeus Preckwinkle 0-0: SOLO HOME RUN (Flyball, 7D), Distance : 376 ft
Batting: LHB Curtis Peters 0-0: Ball
1-0: Ball
2-0: Foul Ball, location: 2F
2-1: Ground out 4-3 (Groundball, 4)
Batting: LHB Arthur Ryan 0-0: Called Strike
0-1: Called Strike
0-2: Strikes out looking
Bottom of the 8th over - 1 run(s), 1 hit(s), 0 error(s), 0 left on base; Sunset District 0 - Naperville 1
TOP OF THE 9TH
Sunset District Fog batting - Pitching for Naperville Battlekings : RHP Raúl Areola
Pitching: LHP Esteban Jiménez
Now at C: Edward Payne
Now at 2B: Miguel Rodríguez
Batting: RHB Yehonatan Chazan 0-0: Called Strike
0-1: Ball
1-1: Ball
2-1: Foul Ball, location: 2F
2-2: Ball
3-2: Strikes out swinging
Batting: LHB Armando Carmona 0-0: Swinging Strike
0-1: Called Strike
0-2: Ball
1-2: Strikes out swinging
Batting: LHB David Holbrook 0-0: Foul Ball, location: 2F
0-1: Ball
1-1: Swinging Strike
1-2: Strikes out swinging
Top of the 9th over - 0 run(s), 0 hit(s), 0 error(s), 0 left on base; Sunset District 0 - Naperville 1
Thursday, August 31st, 2017 - OOTP Baseball 17.12 Build 75